 Dungeon Crawl Stone Soup version 0.19.1-1-g22dce08 (webtiles) character file.

32 Queen the Slasher (level 3, -3/31 HPs)
             Began as a Minotaur Berserker on Jan 19, 2017.
             Was a Believer of Trog.
             Slain by a worldbinder (6 damage)
             ... on level 1 of the Abyss.
             The game lasted 00:04:58 (1278 turns).

Queen the Slasher (Minotaur Berserker)              Turns: 1278, Time: 00:04:59

Health: -3/31      AC:  9    Str: 25    XL:     3   Next: 8%
Magic:  2/2        EV:  9    Int:  4    God:    Trog [**....]
Gold:   62         SH:  0    Dex: 10    Spells: 0 memorised, 2 levels left

rFire  . . .     SeeInvis .     a - +0 falchion
rCold  . . .     Gourm    .     p - +1 chain mail
rNeg   + . .     Faith    .     (no shield)
rPois  .         Spirit   .     (helmet restricted)
rElec  .         Reflect  .     (no cloak)
rCorr  .         Harm     .     (no gloves)
MR     .....                    (no boots)
Stlth  ..........               (no amulet)
                                o - +4 ring of strength
                                h - ring of positive energy

@: about to teleport, barbed spikes, mesmerised
A: retaliatory headbutt, horns 2
a: Berserk, Trog's Hand, Burn Spellbooks, Renounce Religion


You were on level 1 of the Abyss.
You worshipped Trog.
Trog was pleased with you.
You were not hungry.

You visited 1 branch of the dungeon, and saw 3 of its levels.
You visited the Abyss 1 time.

You collected 62 gold pieces.

Inventory:

Hand Weapons
 a - a +0 falchion (weapon)
Armour
 p - a +1 chain mail (worn)
Jewellery
 f - an uncursed ring of magical power
 h - a ring of positive energy (left hand)
 o - a +4 ring of strength (right hand)
Scrolls
 e - a scroll of enchant armour
 g - 4 scrolls of identify
 j - a scroll of random uselessness {unknown}
 k - a scroll of recharging {unknown}
 l - 2 scrolls of remove curse {unknown}
Potions
 d - a potion of heal wounds {unknown}
 m - a potion of lignification {unknown}
Comestibles
 b - a meat ration
 c - 2 bread rations
 n - a beef jerky


   Skills:
 - Level 3.6 Fighting
 + Level 5.1 Long Blades
 - Level 2.4 Armour
 - Level 2.2 Dodging


You had 2 spell levels left.
You didn't know any spells.

Dungeon Overview and Level Annotations

Branches:
Dungeon (3/15)

Altars:
Fedhas


Innate Abilities, Weirdness & Mutations

You reflexively headbutt those who attack you in melee.
You have a pair of horns on your head.


Message History

Your +0 chain mail glows green for a moment.
The worldbinder hits you but does no damage. x2
The siren chants its luring song.
As you read the scroll labeled OPRUOR SOERONA, it crumbles to dust.
It is a scroll of identify.
i - a scroll of teleportation The worldbinder barely misses you.
The worldbinder hits you.
* * * LOW HITPOINT WARNING * * *
The siren chants its luring song.
The worldbinder closely misses you.
You riposte.
You hit the worldbinder but do no damage.
The worldbinder hits you.
* * * LOW HITPOINT WARNING * * *
The manticore barely misses you. x2
The manticore claws you but does no damage.
As you read the scroll of teleportation, it crumbles to dust.
You feel strangely unstable.
You feel the power of the Abyss delaying your translocation!
The worldbinder hits you.
You die...

#..# .#.#.#.#
..##..#.#.#
.#.#..#m#....#
... #.#..#..##
#...##.....##
#......#...
..##.#XH.#.##
..#.Hx##.#
..###.F@.# . #
#..#..# .#
#..###.# ##.
#. #. #. ##


You could see 2 manticores, a large abomination, a siren, a worldbinder and a
blink frog.

Vanquished Creatures
  An adder (D:2)
  A dart slug (D:1)
  A leopard gecko (D:2)
  4 goblins
  2 hobgoblins
  3 bats
  4 kobolds
  4 rats
20 creatures vanquished.

Notes
Turn   | Place    | Note
-------+----------+-------------------------------------------
     0 | D:1      | Queen the Minotaur Berserker began the quest for the Orb.
     0 | D:1      | Reached XP level 1. HP: 19/19 MP: 0/0
   210 | D:1      | Reached skill level 4 in Long Blades
   363 | D:1      | Reached XP level 2. HP: 23/26 MP: 1/1
   651 | D:2      | Found a blossoming altar of Fedhas.
   935 | D:2      | Reached skill level 5 in Long Blades
   935 | D:2      | Reached XP level 3. HP: 31/31 MP: 2/2
  1168 | D:3      | Reached ** piety under Trog
  1170 | D:3      | Cast into level 1 of the Abyss (orc wizard)
  1253 | Abyss:1  | Noticed a blink frog
  1253 | Abyss:1  | Noticed a worldbinder
  1256 | Abyss:1  | Noticed a siren
  1262 | Abyss:1  | Noticed a tormentor
  1265 | Abyss:1  | Noticed a siren
  1271 | Abyss:1  | Noticed a siren
  1271 | Abyss:1  | Noticed a large abomination
  1272 | Abyss:1  | Noticed a manticore
  1272 | Abyss:1  | Noticed a manticore
  1278 | Abyss:1  | Slain by a worldbinder

Skill      XL: |  1  2 |
---------------+-------+-----
Long Blades    | 4 5 |  5.1
Fighting       | |  3.6
Armour         | |  2.4
Dodging        | |  2.2

Action                   || total
-------------------------++-------
Melee: Falchion          ||    35
       Headbutt          ||     9
  Use: Scroll            ||     3
  Eat: Chunk             ||     1
Armor: Animal skin       ||     4
       Scale mail        ||     3
       Chain mail        ||     6
Dodge: Dodged            ||    29
       Rpst.: Falchion   ||    10
